Blue Jackets vs Canadiens
(R2)
Created - October 20, 2018 at 23:54
Goals
|
Blue Jackets |
0 |
1 |
2 |
3 |
Canadiens |
2 |
3 |
1 |
6 |
|
Shots
|
Blue Jackets |
11 |
7 |
13 |
31 |
Canadiens |
10 |
8 |
6 |
24 |
|
1st period
1. Canadiens , Jason Spezza 1 (Luke Schenn 3) at 5:45
2. Canadiens , Marcel Goc 1 (Vitaly Vishnevsky 1) at 9:10
Penalties :
Andrew Gordon (Clb) for Holding (Minor) at 12:09, Martin Havlat (Clb) for Roughing (Minor) at 17:39, David Booth (Clb) for Tripping (Minor) at 18:27
2nd period
3. Canadiens , Brett Maclean 2 (Wes O'Neill 1, Adam Pardy 2) at 0:54
4. Canadiens , Alexander Frolov 3 (Evgeny Dadonov 2) at 14:07 (PP)
5. Blue Jackets , David Booth 1 (Pavel Datsyuk 1, Martin Havlat 3) at 14:33 (PP)
6. Canadiens , Dustin Boyd 2 (Brock Nelson 1) at 18:06
Penalties :
Shaone Morrisonn (Mon) for Tripping (Minor) at 1:49, Alexander Frolov (Mon) for Roughing (Minor) at 5:38, Ryan Wilson (Clb) for Holding (Minor) at 13:55, Luke Schenn (Mon) for Hooking (Minor) at 14:16, Alexander Frolov (Mon) for Tripping (Minor) at 18:21
3rd period
7. Blue Jackets , David Booth 2 (Martin Havlat 4, A.J Thelen 1) at 14:07
8. Canadiens , Sidney Crosby 1 (Evgeny Dadonov 3) at 15:20 (PP)
9. Blue Jackets , Mike Brown 1 (Rostislav Olesz 2, Mike Comrie 1) at 19:36
Penalties :
Joe Pavelski (Mon) for High sticking (Minor) at 1:46, Marcel Goc (Mon) for Goalie Interference (Minor) at 4:57, David Jones (Mon) for Hooking (Minor) at 7:30, Mike York (Clb) for Slashing (Minor) at 14:49, Marcel Goc (Mon) for Fighting (Major) at 17:07, David Booth (Clb) for Fighting (Major) at 17:07
Goalie Stats
Marek Schwarz (Clb), 6 saves from 8 shots - (0.750), 25:53 minutes
Rick DiPietro (Clb), 12 saves from 16 shots - (0.750), L, 1-2-1, 34:07 minutes
Allen York (Mon), 28 saves from 31 shots - (0.903), W, 1-0-0, 60:00 minutes
Players Stats for Blue Jackets
Player Name G A P +/- PIM S H SB GA TA FO MP PP MP PK MP
------------------------------------------------------------------------------------
A.J Thelen 0 1 1 1 0 1 0 2 0 0 0/0 11:50 0:16 0:00
Andreas Nodl 0 0 0 -1 0 0 0 0 1 0 0/0 11:46 0:05 0:00
Andrew Gordon 0 0 0 0 2 2 0 0 0 0 0/0 6:37 0:05 0:00
Branislav Mezei 0 0 0 -1 0 0 0 4 0 1 0/0 18:59 5:02 1:49
David Booth 2 0 2 -1 7 3 1 0 0 1 0/0 22:32 6:46 2:37
Dennis Wideman 0 0 0 -2 0 1 0 1 1 0 0/0 29:11 6:53 3:40
Kevin Porter 0 0 0 -1 0 2 1 1 0 0 1/2 11:23 0:05 0:19
Martin Havlat 0 2 2 0 2 7 6 1 0 0 2/2 20:51 6:46 0:37
Matt Calvert 0 0 0 0 0 1 0 0 0 0 0/0 6:14 0:00 0:00
Mike Brown 1 0 1 0 0 4 1 0 1 0 1/1 16:30 5:20 0:00
Mike Comrie 0 1 1 0 0 2 2 1 0 0 8/13 17:12 5:20 0:37
Mike Lundin 0 0 0 -2 0 2 1 1 0 0 0/0 29:11 6:53 3:40
Mike York 0 0 0 -2 2 0 0 1 0 0 0/0 12:38 0:00 1:26
Patrick O'Sullivan 0 0 0 0 0 1 1 0 0 0 1/1 6:14 0:00 0:00
Pavel Datsyuk 0 1 1 -1 0 1 3 1 2 0 16/39 24:31 6:46 3:53
Rostislav Olesz 0 1 1 0 0 3 1 0 1 1 0/0 16:47 5:20 0:17
Ryan Wilson 0 0 0 1 2 1 1 1 0 0 0/0 11:49 0:16 0:00
Torey Krug 0 0 0 -1 0 0 1 4 0 0 0/0 18:59 5:02 1:49
Players Stats for Canadiens
Player Name G A P +/- PIM S H SB GA TA FO MP PP MP PK MP
------------------------------------------------------------------------------------
Adam Pardy 0 1 1 1 0 1 1 1 0 0 0/0 15:10 0:00 5:41
Alexander Frolov 1 0 1 0 4 1 2 0 0 0 0/0 18:21 3:36 1:15
Brett Maclean 1 0 1 2 0 2 0 0 0 0 0/0 7:09 0:00 0:41
Brock Nelson 0 1 1 0 0 0 1 0 0 0 0/0 11:56 0:00 0:02
David Jones 0 0 0 2 2 0 0 1 0 0 0/0 9:01 0:00 2:33
Dustin Boyd 1 0 1 0 0 2 4 1 0 2 2/4 15:30 0:00 3:38
Enver Lisin 0 0 0 0 0 0 1 1 0 0 0/0 13:52 0:00 1:34
Evgeny Dadonov 0 2 2 0 0 6 2 3 0 0 0/0 16:41 3:36 0:00
Greg Stewart 0 0 0 0 0 0 1 0 0 0 0/0 19:16 1:53 6:54
Jason Spezza 1 0 1 0 0 2 1 2 0 0 8/15 19:15 1:53 6:53
Joe Pavelski 0 0 0 0 2 2 1 0 0 0 0/0 12:26 1:53 0:00
Luke Schenn 0 1 1 0 2 1 0 5 1 1 0/0 27:17 3:35 6:18
Marcel Goc 1 0 1 2 7 1 2 0 1 0 3/4 7:25 0:00 0:42
Raphael Diaz 0 0 0 0 0 1 1 2 0 0 0/0 19:05 1:54 1:26
Shaone Morrisonn 0 0 0 1 2 0 0 2 0 0 0/0 20:11 0:00 4:37
Sidney Crosby 1 0 1 0 0 4 2 0 1 1 16/35 16:46 3:36 0:05
Vitaly Vishnevsky 0 1 1 1 0 0 1 1 0 2 0/0 22:05 3:35 1:12
Wes O'Neill 0 1 1 1 0 1 1 0 0 0 0/0 16:15 1:54 5:13
3 Stars
1 - Dustin Boyd (Mon)
2 - Brett Maclean (Mon)
3 - Evgeny Dadonov (Mon)
Power Play
Blue Jackets - 1 on 7 Attempt(s) - 14.29%
Canadiens - 2 on 5 Attempt(s) - 40.00%
Penalty Kill
Blue Jackets - 3 on 5 Attempt(s) - 60.00%
- Score 0 goal in Penalty Kill
Canadiens - 6 on 7 Attempt(s) - 85.71%
- Score 0 goal in Penalty Kill
Team Stat
Blue Jackets - Hits : 19 - Faceoff Wins : 29 - Blocked Shots : 18 - Penalty Minutes : 15
Canadiens - Hits : 21 - Faceoff Wins : 29 - Blocked Shots : 19 - Penalty Minutes : 19
Official
Referees : Unknown
Linesman : Unknown
Game Notes
Marek Schwarz enters game at 14:07 of 2nd period
David Booth beats up Marcel Goc at 17:07 of 3rd period
Finance
Level 1 -- Attendance: 6000 (100.00%) -- Ticket Income $528,000
Level 2 -- Attendance: 5000 (100.00%) -- Ticket Income $275,000
Level 3 -- Attendance: 1851 (92.55%) -- Ticket Income $66,636
Level 4 -- Attendance: 4000 (100.00%) -- Ticket Income $108,000
Luxury Box -- Attendance: 1000 (100.00%) -- Ticket Income $155,000
Game was played at the Centre Bell.
Total Attendance: 17851 (99.17%)
Total Ticket Income: $1,132,636
Other Income: $169,895
Total Income: $1,302,531
Blue Jackets
5 vs 5 Forward
Center Left Wing Right Wing Time % Phy DF OF
1 Pavel Datsyuk David Booth Martin Havlat 40 1 2 2
2 Mike Comrie Rostislav Olesz Mike Brown 30 1 2 2
3 Kevin Porter Mike York Andreas Nodl 20 1 2 2
4 Patrick O'Sullivan Matt Calvert Andrew Gordon 10 1 2 2
5 vs 5 Defense
Defense Defense Time % Phy DF OF
1 Mike Lundin Dennis Wideman 40 1 2 2
2 Torey Krug Branislav Mezei 30 1 2 2
3 Ryan Wilson A.J Thelen 20 1 2 2
4 Mike Lundin Dennis Wideman 10 1 2 2
PowerPlay Forward
Center Left Wing Right Wing Time % Phy DF OF
1 Pavel Datsyuk David Booth Martin Havlat 60 1 2 2
2 Mike Comrie Rostislav Olesz Mike Brown 40 1 2 2
PowerPlay Defense
Defense Defense Time % Phy DF OF
1 Mike Lundin Dennis Wideman 60 1 2 2
2 Torey Krug Branislav Mezei 40 1 2 2
Penalty Kill 4 Players Forward
Center Wing Time % Phy DF OF
1 Pavel Datsyuk David Booth 60 1 2 2
2 Martin Havlat Mike Comrie 40 1 2 2
Penalty Kill 4 Players Defense
Defense Defense Time % Phy DF OF
1 Mike Lundin Dennis Wideman 60 1 2 2
2 Torey Krug Branislav Mezei 40 1 2 2
Penalty Kill - 3 Players Forward
Forward Time % Phy DF OF
1 Pavel Datsyuk 60 1 2 2
2 David Booth 40 1 2 2
Penalty Kill - 3 Players Defense
Defense Defense Time % Phy DF OF
1 Mike Lundin Dennis Wideman 60 1 2 2
2 Torey Krug Branislav Mezei 40 1 2 2
4 vs 4 Forward
Center Wing Time % Phy DF OF
1 Pavel Datsyuk David Booth 60 1 2 2
2 Martin Havlat Mike Comrie 40 1 2 2
4 vs 4 Defense
Defense Defense Time % Phy DF OF
1 Mike Lundin Dennis Wideman 60 1 2 2
2 Torey Krug Branislav Mezei 40 1 2 2
Last Minutes Offensive
Center Left Wing Right Wing Defense Defense
Pavel Datsyuk David Booth Martin Havlat Mike Lundin Dennis Wideman
Last Minutes Defensive
Center Left Wing Right Wing Defense Defense
Pavel Datsyuk David Booth Martin Havlat Mike Lundin Dennis Wideman
Goaltenders
Starting : Rick DiPietro
Backup : Marek Schwarz
Extra Forwards
Normal : Andreas Nodl, Kevin Porter, Mike York - PP : Andreas Nodl, Kevin Porter - PK : Mike York
Extra Defensemen
Normal : Ryan Wilson, A.J Thelen, Torey Krug - PP : Ryan Wilson - PK : A.J Thelen, Torey Krug
Penalty Shots
Pavel Datsyuk, David Booth, Martin Havlat, Mike Comrie, Mike Brown
Scratches
Peter Mueller (Suspend)
Canadiens
5 vs 5 Forward
Center Left Wing Right Wing Time % Phy DF OF
1 Sidney Crosby Alexander Frolov Evgeny Dadonov 40 1 2 2
2 Jason Spezza Greg Stewart Joe Pavelski 30 1 2 2
3 Dustin Boyd Brock Nelson Enver Lisin 20 1 2 2
4 Marcel Goc Brett Maclean David Jones 10 1 2 2
5 vs 5 Defense
Defense Defense Time % Phy DF OF
1 Luke Schenn Raphael Diaz 40 1 2 2
2 Vitaly Vishnevsky Shaone Morrisonn 30 1 2 2
3 Adam Pardy Wes O'Neill 20 1 2 2
4 Luke Schenn Vitaly Vishnevsky 10 1 2 2
PowerPlay Forward
Center Left Wing Right Wing Time % Phy DF OF
1 Sidney Crosby Alexander Frolov Evgeny Dadonov 60 1 2 2
2 Jason Spezza Greg Stewart Joe Pavelski 40 1 2 2
PowerPlay Defense
Defense Defense Time % Phy DF OF
1 Luke Schenn Vitaly Vishnevsky 60 1 2 2
2 Wes O'Neill Raphael Diaz 40 1 2 2
Penalty Kill 4 Players Forward
Center Wing Time % Phy DF OF
1 Jason Spezza Greg Stewart 60 1 2 2
2 Dustin Boyd David Jones 40 1 2 2
Penalty Kill 4 Players Defense
Defense Defense Time % Phy DF OF
1 Luke Schenn Shaone Morrisonn 60 1 2 2
2 Adam Pardy Wes O'Neill 40 1 2 2
Penalty Kill - 3 Players Forward
Forward Time % Phy DF OF
1 Jason Spezza 60 1 2 2
2 Dustin Boyd 40 1 2 2
Penalty Kill - 3 Players Defense
Defense Defense Time % Phy DF OF
1 Luke Schenn Shaone Morrisonn 60 1 2 2
2 Adam Pardy Wes O'Neill 40 1 2 2
4 vs 4 Forward
Center Wing Time % Phy DF OF
1 Sidney Crosby Evgeny Dadonov 60 1 2 2
2 Jason Spezza Joe Pavelski 40 1 2 2
4 vs 4 Defense
Defense Defense Time % Phy DF OF
1 Luke Schenn Vitaly Vishnevsky 60 1 2 2
2 Adam Pardy Shaone Morrisonn 40 1 2 2
Last Minutes Offensive
Center Left Wing Right Wing Defense Defense
Sidney Crosby Alexander Frolov Evgeny Dadonov Luke Schenn Vitaly Vishnevsky
Last Minutes Defensive
Center Left Wing Right Wing Defense Defense
Sidney Crosby Greg Stewart Joe Pavelski Luke Schenn Shaone Morrisonn
Goaltenders
Starting : Allen York
Backup : Henrik Lundqvist
Extra Forwards
Normal : Brett Maclean, Enver Lisin, Marcel Goc - PP : Enver Lisin, Brock Nelson - PK : Enver Lisin
Extra Defensemen
Normal : Adam Pardy, Wes O'Neill, Raphael Diaz - PP : Adam Pardy - PK : Vitaly Vishnevsky, Raphael Diaz
Penalty Shots
Sidney Crosby, Dustin Boyd, Joe Pavelski, Jason Spezza, Greg Stewart
Scratches
Dustin Kohn (Healthy)
% Time on Ice - Blue Jackets
Lines # - Real PCT - Wanted PCT - Time Play
Normal Forward
1 - 33% - 40% - 14:06
2 - 27% - 30% - 11:15
3 - 25% - 20% - 10:45
4 - 15% - 10% - 6:14
Normal Defense
1 - 41% - 40% - 17:16
2 - 29% - 30% - 12:08
3 - 27% - 20% - 11:34
4 - 3% - 10% - 1:22
PP Forward
1 - 56% - 60% - 6:51
2 - 44% - 40% - 5:20
PP Defense
1 - 59% - 60% - 7:09
2 - 41% - 40% - 5:02
PK Forward
1 - 86% - 60% - 3:41
2 - 14% - 40% - 0:37
PK Defense
1 - 71% - 60% - 3:02
2 - 29% - 40% - 1:16
PK3 Forward
1 - 65% - 60% - 0:46
2 - 35% - 40% - 0:25
PK3 Defense
1 - 54% - 60% - 0:38
2 - 46% - 40% - 0:33
44 Forward
1 - 0% - 60%
2 - 0% - 40%
44 Defense
1 - 0% - 60%
2 - 0% - 40%
Last Minute Offensive - 0:00
Last Minute Defensive - 0:00
Total
Forward - 60:00
Defense - 60:00
|
% Time on Ice - Canadiens
Lines # - Real PCT - Wanted PCT - Time Play
Normal Forward
1 - 32% - 40% - 13:31
2 - 25% - 30% - 10:29
3 - 28% - 20% - 11:52
4 - 15% - 10% - 6:28
Normal Defense
1 - 40% - 40% - 16:52
2 - 37% - 30% - 15:32
3 - 19% - 20% - 8:04
4 - 4% - 10% - 1:52
PP Forward
1 - 66% - 60% - 3:36
2 - 34% - 40% - 1:53
PP Defense
1 - 65% - 60% - 3:35
2 - 35% - 40% - 1:54
PK Forward
1 - 72% - 60% - 8:44
2 - 28% - 40% - 3:27
PK Defense
1 - 57% - 60% - 6:58
2 - 43% - 40% - 5:13
PK3 Forward
1 - 0% - 60%
2 - 0% - 40%
PK3 Defense
1 - 0% - 60%
2 - 0% - 40%
44 Forward
1 - 0% - 60%
2 - 0% - 40%
44 Defense
1 - 0% - 60%
2 - 0% - 40%
Last Minute Offensive - 0:00
Last Minute Defensive - 0:00
Total
Forward - 60:00
Defense - 60:00
|
Play by Play
1st period
0:01 of 1st period - Sidney Crosby wins face-off versus Pavel Datsyuk in neutral zone.
0:04 of 1st period - Snap shot by Evgeny Dadonov.
0:04 of 1st period - Stopped by Rick DiPietro with a rebound.
0:59 of 1st period - Snap shot by Sidney Crosby.
0:59 of 1st period - Stopped by Rick DiPietro with a rebound.
1:07 of 1st period - Snap shot by Alexander Frolov.
1:07 of 1st period - Shot Blocked by Dennis Wideman.
1:09 of 1st period - Snap shot by Evgeny Dadonov.
1:09 of 1st period - Stopped by Rick DiPietro without a rebound.
1:10 of 1st period - Mike Comrie wins face-off versus Jason Spezza in Blue Jackets zone.
1:10 of 1st period - Mike Comrie is hit by Vitaly Vishnevsky.
1:26 of 1st period - Slapshot by Rostislav Olesz.
1:26 of 1st period - Shot Misses the Net.
1:36 of 1st period - Branislav Mezei is hit by Dustin Boyd and loses puck.
1:43 of 1st period - Vitaly Vishnevsky is hit by David Booth and loses puck.
2:56 of 1st period - Snap shot by Kevin Porter.
2:56 of 1st period - Shot Hit the Post.
3:12 of 1st period - Wrist shot by Mike Brown.
3:12 of 1st period - Stopped by Allen York without a rebound.
3:13 of 1st period - Mike Brown wins face-off versus Dustin Boyd in Canadiens zone.
3:27 of 1st period - Wrist shot by Rostislav Olesz.
3:27 of 1st period - Shot Blocked by Vitaly Vishnevsky.
4:01 of 1st period - Alexander Frolov is hit by Patrick O'Sullivan and loses puck.
4:07 of 1st period - Off-side.
4:08 of 1st period - Jason Spezza wins face-off versus Mike Comrie in neutral zone.
4:35 of 1st period - Adam Pardy is hit by Martin Havlat and loses puck.
4:46 of 1st period - Torey Krug is hit by Wes O'Neill and loses puck.
5:19 of 1st period - Snap shot by Patrick O'Sullivan.
5:19 of 1st period - Shot Misses the Net.
5:39 of 1st period - Snap shot by Rostislav Olesz.
5:39 of 1st period - Stopped by Allen York with a rebound.
5:45 of 1st period - Snap shot by Jason Spezza.
5:45 of 1st period - Goal by Jason Spezza - Blue Jackets : 0 - Canadiens : 1.
5:46 of 1st period - Sidney Crosby wins face-off versus Pavel Datsyuk in neutral zone.
5:51 of 1st period - Wrist shot by Sidney Crosby.
5:51 of 1st period - Stopped by Rick DiPietro with a rebound.
6:19 of 1st period - Slapshot by Vitaly Vishnevsky.
6:19 of 1st period - Shot Blocked by Mike Comrie.
6:59 of 1st period - Wrist shot by Kevin Porter.
6:59 of 1st period - Stopped by Allen York with a rebound.
7:09 of 1st period - Martin Havlat is hit by Marcel Goc and loses puck.
7:22 of 1st period - Matt Calvert is hit by Sidney Crosby and loses puck.
7:45 of 1st period - Snap shot by Rostislav Olesz.
7:45 of 1st period - Shot Misses the Net.
8:39 of 1st period - Backhand shot by Matt Calvert.
8:39 of 1st period - Stopped by Allen York without a rebound.
8:40 of 1st period - Marcel Goc wins face-off versus Pavel Datsyuk in Canadiens zone.
8:40 of 1st period - Marcel Goc is hit by Martin Havlat.
8:46 of 1st period - Slapshot by Marcel Goc.
8:46 of 1st period - Deflect By David Jones.
8:46 of 1st period - Shot Blocked by Branislav Mezei.
8:46 of 1st period - Puck is out of play.
8:47 of 1st period - Marcel Goc wins face-off versus Pavel Datsyuk in Blue Jackets zone.
9:02 of 1st period - Snap shot by David Booth.
9:02 of 1st period - Shot Blocked by David Jones.
9:10 of 1st period - Snap shot by Marcel Goc.
9:10 of 1st period - Goal by Marcel Goc - Blue Jackets : 0 - Canadiens : 2.
9:11 of 1st period - Sidney Crosby wins face-off versus Pavel Datsyuk in neutral zone.
9:16 of 1st period - Pavel Datsyuk is hit by Sidney Crosby and loses puck.
9:20 of 1st period - Icing by Mike Lundin.
9:21 of 1st period - Sidney Crosby wins face-off versus Pavel Datsyuk in Blue Jackets zone.
9:22 of 1st period - Wrist shot by Evgeny Dadonov.
9:22 of 1st period - Stopped by Rick DiPietro with a rebound.
9:36 of 1st period - Wrist shot by Martin Havlat.
9:36 of 1st period - Stopped by Allen York with a rebound.
9:38 of 1st period - Snap shot by Dennis Wideman.
9:38 of 1st period - Stopped by Allen York with a rebound.
9:40 of 1st period - Slapshot by Dennis Wideman.
9:40 of 1st period - Deflect By Pavel Datsyuk.
9:40 of 1st period - Deflect By Evgeny Dadonov.
9:40 of 1st period - Shot Blocked by Adam Pardy.
9:40 of 1st period - Puck is out of play.
9:41 of 1st period - Mike Comrie wins face-off versus Jason Spezza in Canadiens zone.
9:44 of 1st period - Snap shot by Mike Brown.
9:44 of 1st period - Stopped by Allen York with a rebound.
10:14 of 1st period - Sidney Crosby is hit by Pavel Datsyuk.
10:28 of 1st period - Snap shot by Martin Havlat.
10:28 of 1st period - Stopped by Allen York without a rebound.
10:29 of 1st period - Dustin Boyd wins face-off versus Kevin Porter in Canadiens zone.
11:06 of 1st period - Wrist shot by Kevin Porter.
11:06 of 1st period - Shot Misses the Net.
11:08 of 1st period - Slapshot by Ryan Wilson.
11:08 of 1st period - Stopped by Allen York without a rebound.
11:09 of 1st period - Mike Comrie wins face-off versus Jason Spezza in Canadiens zone.
11:34 of 1st period - Adam Pardy is hit by Martin Havlat and loses puck.
12:09 of 1st period - Minor Penalty to Andrew Gordon for Holding.
12:10 of 1st period - Sidney Crosby wins face-off versus Pavel Datsyuk in Blue Jackets zone.
12:46 of 1st period - Dennis Wideman is hit by Joe Pavelski and loses puck.
12:55 of 1st period - Snap shot by Martin Havlat.
12:55 of 1st period - Deflect By Luke Schenn.
12:55 of 1st period - Shot Misses the Net.
12:55 of 1st period - Puck is out of play.
12:56 of 1st period - Sidney Crosby wins face-off versus Pavel Datsyuk in Canadiens zone.
13:21 of 1st period - Jason Spezza is hit by Martin Havlat and loses puck.
14:09 of 1st period - Penalty to Andrew Gordon is over, Andrew Gordon is back on ice.
14:27 of 1st period - Snap shot by Matt Calvert.
14:27 of 1st period - Shot Blocked by Enver Lisin.
14:29 of 1st period - Slapshot by Ryan Wilson.
14:29 of 1st period - Deflect By Matt Calvert.
14:29 of 1st period - Shot Blocked by Dustin Boyd.
14:29 of 1st period - Puck is out of play.
14:30 of 1st period - Marcel Goc wins face-off versus Mike Comrie in Canadiens zone.
14:41 of 1st period - Snap shot by Vitaly Vishnevsky.
14:41 of 1st period - Shot Blocked by Torey Krug.
15:48 of 1st period - Slapshot by Mike Lundin.
15:48 of 1st period - Stopped by Allen York with a rebound.
16:11 of 1st period - Snap shot by Joe Pavelski.
16:11 of 1st period - Shot Misses the Net.
16:48 of 1st period - Wrist shot by Kevin Porter.
16:48 of 1st period - Stopped by Allen York with a rebound.
17:16 of 1st period - Snap shot by Enver Lisin.
17:16 of 1st period - Deflect By Dustin Boyd.
17:16 of 1st period - Shot Misses the Net.
17:16 of 1st period - Puck is out of play.
17:17 of 1st period - Sidney Crosby wins face-off versus Pavel Datsyuk in Blue Jackets zone.
17:18 of 1st period - Snap shot by Evgeny Dadonov.
17:18 of 1st period - Stopped by Rick DiPietro with a rebound.
17:24 of 1st period - Evgeny Dadonov is hit by Pavel Datsyuk and loses puck.
17:39 of 1st period - Minor Penalty to Martin Havlat for Roughing.
17:40 of 1st period - Sidney Crosby wins face-off versus Pavel Datsyuk in Blue Jackets zone.
18:07 of 1st period - Mike Lundin is hit by Greg Stewart and loses puck.
18:14 of 1st period - Wrist shot by Joe Pavelski.
18:14 of 1st period - Stopped by Rick DiPietro without a rebound.
18:15 of 1st period - Sidney Crosby wins face-off versus Pavel Datsyuk in Blue Jackets zone.
18:16 of 1st period - Snap shot by Evgeny Dadonov.
18:16 of 1st period - Shot Blocked by Branislav Mezei.
18:18 of 1st period - Slapshot by Wes O'Neill.
18:18 of 1st period - Stopped by Rick DiPietro without a rebound.
18:19 of 1st period - Sidney Crosby wins face-off versus Pavel Datsyuk in Blue Jackets zone.
18:27 of 1st period - Minor Penalty to David Booth for Tripping.
18:28 of 1st period - Sidney Crosby wins face-off versus Pavel Datsyuk in Blue Jackets zone.
18:44 of 1st period - Snap shot by Evgeny Dadonov.
18:44 of 1st period - Shot Misses the Net.
19:39 of 1st period - Penalty to Martin Havlat is over, Martin Havlat is back on ice.
19:48 of 1st period - Alexander Frolov is hit by Mike Lundin and loses puck.
Goals for this period are 0 for Blue Jackets vs 2 for Canadiens.
Shots for this period are 11 for Blue Jackets vs 10 for Canadiens.
2nd period
0:01 of 2nd period - Sidney Crosby wins face-off versus Pavel Datsyuk in neutral zone.
0:27 of 2nd period - Penalty to David Booth is over, David Booth is back on ice.
0:36 of 2nd period - Wrist shot by Jason Spezza.
0:36 of 2nd period - Stopped by Rick DiPietro with a rebound.
0:48 of 2nd period - Slapshot by Adam Pardy.
0:48 of 2nd period - Stopped by Rick DiPietro with a rebound.
0:54 of 2nd period - Snap shot by Brett Maclean.
0:54 of 2nd period - Goal by Brett Maclean - Blue Jackets : 0 - Canadiens : 3.
0:55 of 2nd period - Mike Comrie wins face-off versus Sidney Crosby in neutral zone.
1:49 of 2nd period - Minor Penalty to Shaone Morrisonn for Tripping.
1:50 of 2nd period - Jason Spezza wins face-off versus Pavel Datsyuk in Canadiens zone.
3:45 of 2nd period - Icing by Mike Brown.
3:46 of 2nd period - Jason Spezza wins face-off versus Mike Comrie in Blue Jackets zone.
3:49 of 2nd period - Penalty to Shaone Morrisonn is over, Shaone Morrisonn is back on ice.
4:47 of 2nd period - Snap shot by Marcel Goc.
4:47 of 2nd period - Shot Blocked by Ryan Wilson.
5:10 of 2nd period - Icing by Rostislav Olesz.
5:11 of 2nd period - Mike Comrie wins face-off versus Sidney Crosby in Blue Jackets zone.
5:24 of 2nd period - Wrist shot by Mike Brown.
5:24 of 2nd period - Deflect By Rostislav Olesz.
5:24 of 2nd period - Shot Blocked by Evgeny Dadonov.
5:24 of 2nd period - Puck is out of play.
5:25 of 2nd period - Pavel Datsyuk wins face-off versus Sidney Crosby in Canadiens zone.
5:36 of 2nd period - Snap shot by Martin Havlat.
5:36 of 2nd period - Shot Misses the Net.
5:38 of 2nd period - Minor Penalty to Alexander Frolov for Roughing.
5:39 of 2nd period - Jason Spezza wins face-off versus Pavel Datsyuk in Canadiens zone.
6:14 of 2nd period - Wrist shot by Mike Lundin.
6:14 of 2nd period - Stopped by Allen York with a rebound.
6:16 of 2nd period - Slapshot by Dennis Wideman.
6:16 of 2nd period - Deflect By Mike Brown.
6:16 of 2nd period - Shot Blocked by Luke Schenn.
6:16 of 2nd period - Puck is out of play.
6:17 of 2nd period - Dustin Boyd wins face-off versus Mike Comrie in Canadiens zone.
6:32 of 2nd period - Wrist shot by Rostislav Olesz.
6:32 of 2nd period - Stopped by Allen York with a rebound.
7:38 of 2nd period - Penalty to Alexander Frolov is over, Alexander Frolov is back on ice.
7:39 of 2nd period - Icing by Mike Brown.
7:40 of 2nd period - Mike Comrie wins face-off versus Sidney Crosby in Blue Jackets zone.
7:51 of 2nd period - Andreas Nodl is hit by Enver Lisin and loses puck.
7:56 of 2nd period - Snap shot by Dustin Boyd.
7:56 of 2nd period - Shot Blocked by Branislav Mezei.
7:58 of 2nd period - Slapshot by Brock Nelson.
7:58 of 2nd period - Shot Blocked by Mike York.
8:00 of 2nd period - Wrist shot by Enver Lisin.
8:00 of 2nd period - Shot Blocked by Branislav Mezei.
8:02 of 2nd period - Wrist shot by Dustin Boyd.
8:02 of 2nd period - Shot Blocked by Torey Krug.
8:14 of 2nd period - Slapshot by Torey Krug.
8:14 of 2nd period - Deflect By Pavel Datsyuk.
8:14 of 2nd period - Shot Hit the Post.
8:14 of 2nd period - Puck is out of play.
8:15 of 2nd period - Pavel Datsyuk wins face-off versus Sidney Crosby in Canadiens zone.
8:28 of 2nd period - Snap shot by David Booth.
8:28 of 2nd period - Shot Misses the Net.
8:30 of 2nd period - Snap shot by Mike Lundin.
8:30 of 2nd period - Shot Blocked by Evgeny Dadonov.
8:32 of 2nd period - Slapshot by Mike Lundin.
8:32 of 2nd period - Shot Blocked by Shaone Morrisonn.
8:42 of 2nd period - Mike Comrie is hit by Jason Spezza and loses puck.
9:15 of 2nd period - Slapshot by Raphael Diaz.
9:15 of 2nd period - Stopped by Rick DiPietro without a rebound.
9:16 of 2nd period - Pavel Datsyuk wins face-off versus Sidney Crosby in Blue Jackets zone.
9:56 of 2nd period - Dustin Boyd is hit by Mike Comrie and loses puck.
10:35 of 2nd period - Wrist shot by Sidney Crosby.
10:35 of 2nd period - Shot Hit the Post.
10:46 of 2nd period - Off-side.
10:47 of 2nd period - Pavel Datsyuk wins face-off versus Marcel Goc in neutral zone.
10:47 of 2nd period - Pavel Datsyuk is hit by Marcel Goc.
11:13 of 2nd period - Sidney Crosby is hit by Rostislav Olesz and loses puck.
12:04 of 2nd period - Slapshot by Dustin Boyd.
12:04 of 2nd period - Shot Blocked by Torey Krug.
12:06 of 2nd period - Snap shot by Luke Schenn.
12:06 of 2nd period - Stopped by Rick DiPietro with a rebound.
12:26 of 2nd period - Snap shot by Luke Schenn.
12:26 of 2nd period - Shot Misses the Net.
12:48 of 2nd period - Slapshot by Mike Brown.
12:48 of 2nd period - Stopped by Allen York with a rebound.
13:06 of 2nd period - Wrist shot by Kevin Porter.
13:06 of 2nd period - Shot Misses the Net.
13:08 of 2nd period - Backhand shot by Kevin Porter.
13:08 of 2nd period - Shot Blocked by Shaone Morrisonn.
13:55 of 2nd period - Minor Penalty to Ryan Wilson for Holding.
13:56 of 2nd period - Sidney Crosby wins face-off versus Pavel Datsyuk in Blue Jackets zone.
14:03 of 2nd period - Wrist shot by Evgeny Dadonov.
14:03 of 2nd period - Shot Blocked by Mike Lundin.
14:05 of 2nd period - Wrist shot by Alexander Frolov.
14:05 of 2nd period - Shot Misses the Net.
14:07 of 2nd period - Snap shot by Alexander Frolov.
14:07 of 2nd period - Goal by Alexander Frolov - Blue Jackets : 0 - Canadiens : 4.
14:07 of 2nd period - Marek Schwarz enters game.
14:08 of 2nd period - Pavel Datsyuk wins face-off versus Sidney Crosby in neutral zone.
14:13 of 2nd period - Snap shot by Martin Havlat.
14:13 of 2nd period - Stopped by Allen York without a rebound.
14:14 of 2nd period - Sidney Crosby wins face-off versus Pavel Datsyuk in Canadiens zone.
14:16 of 2nd period - Minor Penalty to Luke Schenn for Hooking.
14:17 of 2nd period - Jason Spezza wins face-off versus Pavel Datsyuk in Canadiens zone.
14:27 of 2nd period - Snap shot by Martin Havlat.
14:27 of 2nd period - Shot Misses the Net.
14:29 of 2nd period - Wrist shot by Pavel Datsyuk.
14:29 of 2nd period - Shot Misses the Net.
14:31 of 2nd period - Snap shot by Martin Havlat.
14:31 of 2nd period - Shot Misses the Net.
14:33 of 2nd period - Snap shot by Pavel Datsyuk.
14:33 of 2nd period - Deflect By David Booth.
14:33 of 2nd period - Goal by David Booth - Blue Jackets : 1 - Canadiens : 4.
14:34 of 2nd period - Pavel Datsyuk wins face-off versus Sidney Crosby in neutral zone.
14:41 of 2nd period - Snap shot by Pavel Datsyuk.
14:41 of 2nd period - Stopped by Allen York with a rebound.
15:06 of 2nd period - Wrist shot by Joe Pavelski.
15:06 of 2nd period - Stopped by Marek Schwarz with a rebound.
15:30 of 2nd period - Snap shot by Andreas Nodl.
15:30 of 2nd period - Shot Misses the Net.
15:36 of 2nd period - Shaone Morrisonn is hit by Kevin Porter and loses puck.
16:42 of 2nd period - Dennis Wideman is hit by Brock Nelson and loses puck.
16:57 of 2nd period - Kevin Porter is hit by Dustin Boyd and loses puck.
18:06 of 2nd period - Snap shot by Dustin Boyd.
18:06 of 2nd period - Goal by Dustin Boyd - Blue Jackets : 1 - Canadiens : 5.
18:07 of 2nd period - Martin Havlat wins face-off versus Sidney Crosby in neutral zone.
18:12 of 2nd period - Wrist shot by Martin Havlat.
18:12 of 2nd period - Shot Blocked by Luke Schenn.
18:18 of 2nd period - Snap shot by Martin Havlat.
18:18 of 2nd period - Stopped by Allen York with a rebound.
18:21 of 2nd period - Minor Penalty to Alexander Frolov for Tripping.
18:22 of 2nd period - Pavel Datsyuk wins face-off versus Jason Spezza in Canadiens zone.
Goals for this period are 1 for Blue Jackets vs 3 for Canadiens.
Shots for this period are 7 for Blue Jackets vs 8 for Canadiens.
3rd period
0:01 of 3rd period - Pavel Datsyuk wins face-off versus Jason Spezza in neutral zone.
0:15 of 3rd period - Snap shot by Martin Havlat.
0:15 of 3rd period - Shot Misses the Net.
0:21 of 3rd period - Penalty to Alexander Frolov is over, Alexander Frolov is back on ice.
0:27 of 3rd period - Dennis Wideman is hit by Alexander Frolov and loses puck.
0:34 of 3rd period - Slapshot by Rostislav Olesz.
0:34 of 3rd period - Shot Blocked by Luke Schenn.
0:36 of 3rd period - Snap shot by Rostislav Olesz.
0:36 of 3rd period - Stopped by Allen York with a rebound.
1:18 of 3rd period - Luke Schenn is hit by Ryan Wilson and loses puck.
1:46 of 3rd period - Minor Penalty to Joe Pavelski for High sticking.
1:47 of 3rd period - Jason Spezza wins face-off versus Pavel Datsyuk in Canadiens zone.
1:55 of 3rd period - Slapshot by Dennis Wideman.
1:55 of 3rd period - Deflect By David Booth.
1:55 of 3rd period - Stopped by Allen York without a rebound.
1:56 of 3rd period - Pavel Datsyuk wins face-off versus Jason Spezza in Canadiens zone.
3:43 of 3rd period - Rostislav Olesz is hit by Alexander Frolov.
3:46 of 3rd period - Penalty to Joe Pavelski is over, Joe Pavelski is back on ice.
3:57 of 3rd period - Slapshot by Adam Pardy.
3:57 of 3rd period - Shot Blocked by Kevin Porter.
4:00 of 3rd period - Icing by Andreas Nodl.
4:01 of 3rd period - Kevin Porter wins face-off versus Sidney Crosby in Blue Jackets zone.
4:24 of 3rd period - Wrist shot by Andrew Gordon.
4:24 of 3rd period - Stopped by Allen York with a rebound.
4:57 of 3rd period - Minor Penalty to Marcel Goc for Goalie Interference.
4:58 of 3rd period - Jason Spezza wins face-off versus Pavel Datsyuk in Canadiens zone.
4:58 of 3rd period - Jason Spezza is hit by Martin Havlat.
5:05 of 3rd period - Snap shot by Martin Havlat.
5:05 of 3rd period - Shot Misses the Net.
5:25 of 3rd period - Mike Lundin is hit by Dustin Boyd and loses puck.
6:57 of 3rd period - Penalty to Marcel Goc is over, Marcel Goc is back on ice.
6:58 of 3rd period - Wes O'Neill is hit by Torey Krug and loses puck.
7:30 of 3rd period - Minor Penalty to David Jones for Hooking.
7:31 of 3rd period - Jason Spezza wins face-off versus Pavel Datsyuk in Canadiens zone.
7:49 of 3rd period - Jason Spezza is hit by Pavel Datsyuk and loses puck.
8:08 of 3rd period - Enver Lisin is hit by Mike Brown and loses puck.
8:55 of 3rd period - Mike Brown is hit by Adam Pardy and loses puck.
9:20 of 3rd period - Luke Schenn is hit by Martin Havlat and loses puck.
9:30 of 3rd period - Penalty to David Jones is over, David Jones is back on ice.
10:07 of 3rd period - Slapshot by Raphael Diaz.
10:07 of 3rd period - Deflect By Dustin Boyd.
10:07 of 3rd period - Shot Blocked by A.J Thelen.
10:07 of 3rd period - Puck is out of play.
10:08 of 3rd period - Patrick O'Sullivan wins face-off versus Dustin Boyd in Blue Jackets zone.
10:08 of 3rd period - Patrick O'Sullivan is hit by Raphael Diaz.
10:18 of 3rd period - Snap shot by Andrew Gordon.
10:18 of 3rd period - Stopped by Allen York without a rebound.
10:19 of 3rd period - Pavel Datsyuk wins face-off versus Sidney Crosby in Canadiens zone.
10:20 of 3rd period - Snap shot by Martin Havlat.
10:20 of 3rd period - Stopped by Allen York without a rebound.
10:21 of 3rd period - Pavel Datsyuk wins face-off versus Sidney Crosby in Canadiens zone.
10:34 of 3rd period - Snap shot by Martin Havlat.
10:34 of 3rd period - Shot Blocked by Evgeny Dadonov.
10:38 of 3rd period - Slapshot by Martin Havlat.
10:38 of 3rd period - Stopped by Allen York with a rebound.
10:54 of 3rd period - Snap shot by Greg Stewart.
10:54 of 3rd period - Shot Misses the Net.
12:03 of 3rd period - Snap shot by Patrick O'Sullivan.
12:03 of 3rd period - Stopped by Allen York with a rebound.
12:19 of 3rd period - Icing by Mike Brown.
12:20 of 3rd period - Mike Comrie wins face-off versus Sidney Crosby in Blue Jackets zone.
13:05 of 3rd period - Snap shot by Dustin Boyd.
13:05 of 3rd period - Stopped by Marek Schwarz with a rebound.
13:35 of 3rd period - Wrist shot by Martin Havlat.
13:35 of 3rd period - Stopped by Allen York with a rebound.
13:37 of 3rd period - Slapshot by A.J Thelen.
13:37 of 3rd period - Shot Blocked by Luke Schenn.
13:39 of 3rd period - Backhand shot by A.J Thelen.
13:39 of 3rd period - Stopped by Allen York with a rebound.
13:43 of 3rd period - Snap shot by Pavel Datsyuk.
13:43 of 3rd period - Shot Blocked by Raphael Diaz.
13:45 of 3rd period - Snap shot by Pavel Datsyuk.
13:45 of 3rd period - Shot Blocked by Raphael Diaz.
13:47 of 3rd period - Snap shot by Martin Havlat.
13:47 of 3rd period - Shot Misses the Net.
13:57 of 3rd period - Wrist shot by David Booth.
13:57 of 3rd period - Shot Blocked by Luke Schenn.
13:59 of 3rd period - Wrist shot by David Booth.
13:59 of 3rd period - Shot Misses the Net.
14:01 of 3rd period - Wrist shot by David Booth.
14:01 of 3rd period - Shot Misses the Net.
14:07 of 3rd period - Wrist shot by David Booth.
14:07 of 3rd period - Goal by David Booth - Blue Jackets : 2 - Canadiens : 5.
14:08 of 3rd period - Sidney Crosby wins face-off versus Mike Comrie in neutral zone.
14:49 of 3rd period - Minor Penalty to Mike York for Slashing.
14:50 of 3rd period - Sidney Crosby wins face-off versus Pavel Datsyuk in Blue Jackets zone.
14:57 of 3rd period - Snap shot by Evgeny Dadonov.
14:57 of 3rd period - Deflect By Sidney Crosby.
14:57 of 3rd period - Stopped by Marek Schwarz without a rebound.
14:58 of 3rd period - Pavel Datsyuk wins face-off versus Sidney Crosby in Blue Jackets zone.
14:58 of 3rd period - Pavel Datsyuk is hit by Evgeny Dadonov.
15:10 of 3rd period - Slapshot by Evgeny Dadonov.
15:10 of 3rd period - Shot Blocked by Pavel Datsyuk.
15:12 of 3rd period - Slapshot by Vitaly Vishnevsky.
15:12 of 3rd period - Deflect By Evgeny Dadonov.
15:12 of 3rd period - Deflect By Pavel Datsyuk.
15:12 of 3rd period - Stopped by Marek Schwarz without a rebound.
15:13 of 3rd period - Pavel Datsyuk wins face-off versus Sidney Crosby in Blue Jackets zone.
15:20 of 3rd period - Wrist shot by Sidney Crosby.
15:20 of 3rd period - Goal by Sidney Crosby - Blue Jackets : 2 - Canadiens : 6.
15:21 of 3rd period - Martin Havlat wins face-off versus Sidney Crosby in neutral zone.
16:29 of 3rd period - Andreas Nodl is hit by Dustin Boyd and loses puck.
16:37 of 3rd period - Off-side.
16:38 of 3rd period - Pavel Datsyuk wins face-off versus Sidney Crosby in neutral zone.
16:46 of 3rd period - Martin Havlat is hit by Evgeny Dadonov and loses puck.
16:53 of 3rd period - Snap shot by Sidney Crosby.
16:53 of 3rd period - Shot Hit the Post.
16:55 of 3rd period - Slapshot by Wes O'Neill.
16:55 of 3rd period - Deflect By Evgeny Dadonov.
16:55 of 3rd period - Stopped by Marek Schwarz with a rebound.
17:05 of 3rd period - Wrist shot by Brett Maclean.
17:05 of 3rd period - Shot Blocked by A.J Thelen.
17:07 of 3rd period - Slapshot by Vitaly Vishnevsky.
17:07 of 3rd period - Deflect By Brett Maclean.
17:07 of 3rd period - Stopped by Marek Schwarz without a rebound.
17:07 of 3rd period - David Booth beats up Marcel Goc.
17:07 of 3rd period - Penalty to Marcel Goc for Fighting.
17:07 of 3rd period - Penalty to David Booth for Fighting.
17:08 of 3rd period - Pavel Datsyuk wins face-off versus Sidney Crosby in Blue Jackets zone.
17:39 of 3rd period - Icing by Rostislav Olesz.
17:40 of 3rd period - Mike Comrie wins face-off versus Jason Spezza in Blue Jackets zone.
18:17 of 3rd period - Jason Spezza is hit by Mike Comrie and loses puck.
19:08 of 3rd period - Wrist shot by Mike Comrie.
19:08 of 3rd period - Stopped by Allen York with a rebound.
19:14 of 3rd period - Wrist shot by Rostislav Olesz.
19:14 of 3rd period - Shot Blocked by Jason Spezza.
19:16 of 3rd period - Wrist shot by Rostislav Olesz.
19:16 of 3rd period - Shot Blocked by Jason Spezza.
19:22 of 3rd period - Snap shot by Mike Comrie.
19:22 of 3rd period - Stopped by Allen York with a rebound.
19:36 of 3rd period - Wrist shot by Mike Brown.
19:36 of 3rd period - Goal by Mike Brown - Blue Jackets : 3 - Canadiens : 6.
19:37 of 3rd period - Pavel Datsyuk wins face-off versus Sidney Crosby in neutral zone.
19:40 of 3rd period - Slapshot by Torey Krug.
19:40 of 3rd period - Shot Misses the Net.
19:46 of 3rd period - Wrist shot by Alexander Frolov.
19:46 of 3rd period - Shot Blocked by Torey Krug.
19:48 of 3rd period - Slapshot by Raphael Diaz.
19:48 of 3rd period - Shot Blocked by Martin Havlat.
Goals for this period are 2 for Blue Jackets vs 1 for Canadiens.
Shots for this period are 13 for Blue Jackets vs 6 for Canadiens.
Back to the Top